[Event "44th Chess Olympiad Women 2022"]
[Site "Chennai"]
[Date "2022.08.05"]
[Round "7.50"]
[White "Lyons, Kieran"]
[Black "Vasquez Jaen, Lourdes Lorena"]
[Result "1/2-1/2"]
[WhiteElo "1767"]
[BlackElo "1653"]
[Annotator "NA RC"]
[PlyCount "100"]
[EventDate "2022.??.??"]
[TimeControl "60"]

1. e4 c5 2. Nf3 g6 3. d4 cxd4 4. Nxd4 Bg7 5. Nc3 Nc6 6. Be3 Nf6 7. f3 O-O 8. Qd2 d5 9. Nxc6 bxc6 10. O-O-O Qa5 11. Kb1 dxe4 12. Nxe4 Qxd2 13. Nxf6+ Bxf6 14. Rxd2 Rb8 15. b3 a5 16. a4 Be6 17. Kc1 c5 18. Bb5 c4 19. Bh6 Rfc8 20. Ba6 Re8 21. Bb5 Rec8 22. Ba6 Bc3 23. Bxc8 Bxd2+ 24. Kxd2 Rxc8 25. Rb1 cxb3 26. cxb3 Rb8 27. Kc3 Rc8+ 28. Kb2 f6 29. Rc1 Rb8 30. Rc3 g5 31. f4 gxf4 32. Bxf4 Rd8 33. h4 Rd4 34. g3 Bf7 35. Bh6 Bg6 36. Rc4 Rd5 37. b4 axb4 38.
Rxb4 e5 39. Rb5 Rd4 40. a5 Ra4 41. Bd2 Bd3 42. Rb4 Rxb4+ 43. Bxb4 Kf7 44. Kc3 Bf1 45. Kd2 Ke6 46. Ke3 h5 47. Bc5 f5 48.
Ba7 Kd5 49. Bb8 Ba6 50. Bc7 Bf1 1/2-1/2

[Event "44th Chess Olympiad Women 2022"]
[Site "Chennai"]
[Date "2022.08.05"]
[Round "7.50"]
[White "Munoz Henriquez, Alba Esther"]
[Black "Prasad, Tanvi"]
[Result "1-0"]
[WhiteElo "1588"]
[BlackElo "1165"]
[Annotator "NA"]
[PlyCount "113"]
[EventDate "2022.??.??"]
[TimeControl "60"]

1. e4 e5 2. Nf3 Nf6 3. Nc3 Nc6 4. Bb5 d6 5. d4 Bd7 6. O-O h6 7. Re1 a6 8. Bxc6 Bxc6 9. dxe5 dxe5 10. Qxd8+ Rxd8 11. Nxe5 Bb4 12. Nxc6 bxc6 13. Bf4 Rd7 14. Be5 Nh5 15. a3 Ba5 16. h3 O-O 17. b4 Re8 18. Bh2 Bb6 19. Rad1 Rde7 20. Kf1 Nf6 21. f3 Nd7 22. Na4 Ne5 23. Bxe5 Rxe5 24. Rd7 R5e7 25. Red1 Ba7 26. Nb2 Be3 27. Nc4 Ba7 28. Rxe7 Rxe7 29. Rd8+ Kh7 30. Ra8 Bd4 31. Rxa6 c5 32. b5 Re8 33. a4 Rb8 34. Rc6 Rb7 35. Na5 Rb8 36. Rxc7 Bc3 37. Nc6 Rb6 38. Rxf7 Bd2 39. Rd7 Bb4 40. c4 Bc3 41. a5 Bxa5 42. Nxa5 Rb8 43. Rc7 Ra8 44. Nb7 Ra4 45. Rxc5 Rb4 46. Nd6 Rb2 47. e5 Kg6 48. f4 Rb3 49. f5+ Kg5 50. Rc7 Kf4 51. Rxg7 Kxe5 52. Rg6 Rb2 53. Re6+ Kd4 54. f6 Ra2 55. f7 Ra8 56. Re8 Rxe8 57. fxe8=Q 1-0

[Event "44th Chess Olympiad Women 2022"]
[Site "Chennai"]
[Date "2022.08.05"]
[Round "7.50"]
[White "Rondon Chacon, Yolys Desiree"]
[Black "Sewak, Aarti"]
[Result "1-0"]
[WhiteElo "1688"]
[BlackElo "1412"]
[Annotator "NA"]
[PlyCount "64"]
[EventDate "2022.??.??"]
[TimeControl "60"]

1. d4 Nf6 2. Nf3 e6 3. g3 d5 4. Bg2 Nc6 5. O-O Bd6 6. c4 b6 7. Nc3 dxc4 8. Ne5 Nxe5 9. dxe5 Nd5 10. exd6 c6 11. e4 Nb4 12. e5 Bd7 13.
Qg4 Kf8 14. Bg5 Qe8 15. Be7+ Kg8 16. h4 h5 17. Qxc4 Nd5 18.
Nxd5 cxd5 19. Qd4 Rh6 20. Rfc1 Rc8 21. Rc3 Rxc3 22. Qxc3 a6 23. Rc1 Rh8 24. Qd4 Kh7 25. Qxb6 Qa8 26. Rc7 Bb5 27. d7 Bxd7 28. Rxd7 Qc8 29. Qc7 Qxc7 30. Rxc7 Rb8 31. b3 Rb5 32. Bf1 Ra5 1-0

[Event "44th Chess Olympiad Women 2022"]
[Site "Chennai"]
[Date "2022.08.05"]
[Round "7.50"]
[White "Terubea, Cydel"]
[Black "Castillo Beitia, Ashley Alexandra"]
[Result "0-1"]
[WhiteElo "1450"]
[BlackElo "1587"]
[Annotator "NA RC"]
[PlyCount "130"]
[EventDate "2022.??.??"]
[TimeControl "60"]

1. e4 c5 2. Nf3 d6 3. d4 cxd4 4. Nxd4 Nf6 5. Nc3 g6 6. h3 Bg7 7. Nf3 O-O 8. Bd3 Nc6 9. a3 b6 10. O-O Bb7 11. Rb1 Rc8 12. Bd2 d5 13.
exd5 Nxd5 14. Nxd5 Qxd5 15. Re1 Rfd8 16. Qc1 Nd4 17. Be4 Nxf3+ 18. Bxf3 Qxd2 19. Qxd2 Rxd2 20. Bxb7 Rcxc2 21.
Rxe7 Bd4 22. Kh1 Rxb2 23. Rc1 Rbc2 24. Rxc2 Rxc2 25. Bd5 Rxf2 26. Bc4 a5 27. a4 Bc5 28. Rd7 Rf4 29. Bb5 Kg7 30. Rd1 h5 31. Kh2 h4 32. g4 Rf2+ 33. Kh1 f5 34. gxf5 gxf5 35. Rf1 Rb2 36. Rxf5 Rb3 37. Kg2 Rg3+ 38. Kh1 Rxh3+ 39. Kg2 Rg3+ 40. Kh1 Kg6 41. Rd5 Kf6 42. Rh5 Rg4 43. Kh2 Rb4 44. Kh3 Bf2 45. Kg2 Rb2 46. Kh3 Ke6 47. Kg4 Rb4+ 48. Kf3 Bc5 49. Kg2 Be7 50. Kh3 Bf6 51. Kg2 Kd6 52. Kf3 Be5 53. Rh6+ Kc5 54. Rc6+ Kd5 55. Rxb6 h3 56. Ra6 h2 57. Rh6 Rb1 58. Ke3 Kc5 59. Rc6+ Kb4 60. Rc4+ Ka3 61. Bc6 h1=Q 62. Bxh1 Rxh1 63. Kd3 Kb3 64. Rc5 Rh3+ 65. Kd2 Bc3+ 0-1

[Event "44th Chess Olympiad Women 2022"]
[Site "Chennai"]
[Date "2022.08.05"]
[Round "7.51"]
[White "Abera, Mekdes Demssie"]
[Black "Misawa, Yuki"]
[Result "0-1"]
[WhiteElo "1342"]
[BlackElo "1587"]
[Annotator "NA RC"]
[PlyCount "80"]
[EventDate "2022.??.??"]
[TimeControl "60"]

1. d4 d5 2. e3 Nf6 3. Nf3 Bf5 4. Nc3 e6 5. Be2 c6 6. O-O Bd6 7. h3 Nbd7 8.
Bd3 Ne4 9. Bxe4 dxe4 10. Nh2 Qh4 11. f4 exf3 12. Qxf3 Nf6 13. Qf2 Bxh2+ 14. Kh1 Bg3 15. Qe2 Ne4 16. Bd2 Bc7 17. Be1 Ng3+ 18.
Bxg3 Qxg3 19. Kg1 Bxh3 20. Qf3 Qxf3 21. Rxf3 Bf5 22. e4 Bg6 23. Re1 O-O-O 24. Rd3 Ba5 25. Kf2 Rd7 26. g4 Rhd8 27. Ke3 Bb6 28. Ne2 e5 29. c3 exd4+ 30. cxd4 Re8 31. Ng3 Rde7 32. Kf4 Bc7+ 33. Kg5 Bxg3 34. Rxg3 Rxe4 35. Rd1 h6+ 36. Kh4 Re2 37. Rb3 Bc2 38. Rdd3 Bxd3 39. Rxd3 R8e3 40. Rd1 Rh2# 0-1

[Event "44th Chess Olympiad Women 2022"]
[Site "Chennai"]
[Date "2022.08.05"]
[Round "7.51"]
[White "Haile, Lidet Abate"]
[Black "Sakai, Azumi"]
[Result "1-0"]
[WhiteElo "1624"]
[BlackElo "1759"]
[Annotator "NA RC"]
[PlyCount "109"]
[EventDate "2022.??.??"]
[TimeControl "60"]

1. e4 e6 2. d4 d5 3. exd5 exd5 4. Nf3 Bg4 5. Bd3 Bd6 6. O-O Ne7 7. Re1 Nbc6 8. c3 Qd7 9. Nbd2 O-O-O 10. b4 Rde8 11. a4 f6 12. a5 g5 13. Qb3 Ng6 14. Rxe8+ Rxe8 15. b5 Nb8 16. Ba3 Nf4 17. Bxd6 Qxd6 18. Bf1 h5 19. Rb1 Bf5 20. Rc1 g4 21. Nh4 Bh7 22. c4 Ne2+ 23. Bxe2 Rxe2 24. Qd1 Bd3 25. g3 dxc4 26. Nxc4 Qxd4 27. Ne3 Rxe3 28. fxe3 Qxe3+ 29. Kh1 Bxb5 30. Ng2 Qe4 31. Qd2 Bc6 32. Re1 Qf5 33. Qe3 Qd5 34. Qe6+ Qxe6 35. Rxe6 Kd7 36. Rxf6 Ke7 37. Rh6 Be8 38. Nf4 c5 39. Kg1 Nc6 40. a6 b5 41. Nd5+ Kf7 42. Nc7 Nd4 43. Nxe8 Kxe8 44. Rxh5 c4 45. Re5+ Kf7 46. Kf2 c3 47. Ke3 c2 48. Rc5 Ne6 49. Rxc2 Kf6 50.
Ke4 b4 51. Kd5 b3 52. Rf2+ Ke7 53. Re2 Kd7 54. Rxe6 b2 55. Re1 1-0

[Event "44th Chess Olympiad Women 2022"]
[Site "Chennai"]
[Date "2022.08.05"]
[Round "7.51"]
[White "Kojima, Natsumi"]
[Black "Bantiwalu, Aster Melake"]
[Result "0-1"]
[WhiteElo "1782"]
[BlackElo "1425"]
[Annotator "NA"]
[PlyCount "112"]
[EventDate "2022.??.??"]
[TimeControl "60"]

1. e4 e5 2. Nf3 Nc6 3. d4 exd4 4. Nxd4 Bc5 5. Nb3 Bb6 6.
Nc3 d6 7. Qe2 h6 8. Be3 Bxe3 9. Qxe3 Nf6 10. O-O-O Bd7 11. f3 a6 12. g4 Qe7 13. h4 O-O-O 14. Be2 Kb8 15. Nd4 Ne5 16. Nd5 Nxd5 17. exd5 Rhe8 18. Qb3 Ka7 19. h5 Qf6 20. Kb1 Bc8 21. Rhf1 Nd7 22. Bxa6 Nc5 23. Qc4 Nxa6 24. Rd3 Rd7 25. Ra3 Rde7 26. Rxa6+ bxa6 27. Nc6+ Ka8 28. Qb4 Bb7 29. Nxe7 Qxe7 30. Qa5 Kb8 31. a3 Qe2 32. Rc1 Qxf3 33. c4 Qxg4 34. c5 dxc5 35. Qxc5 Qd7 36. Rd1 Rd8 37. d6 cxd6 38. Qd4 f6 39. Ka1 Qc7 40. Rd3 Qe7 41. Rb3 Rc8 42. Qb6 Ka8 43. Qb4 Bd5 44. Qb6 Rc1+ 45. Ka2 Bxb3+ 46. Qxb3 Rc8 47. Qb6 Qe6+ 48. Kb1 Qe4+ 49. Ka2 Qc6 50. Qe3 Re8 51. Qd3 d5 52. Qd2 Qc4+ 53. Kb1 Re2 54. Qd1 Qe4+ 55. Ka2 Re1 56. Qc2 Qxc2 0-1

[Event "44th Chess Olympiad Women 2022"]
[Site "Chennai"]
[Date "2022.08.05"]
[Round "7.51"]
[White "Mitsuyama, Rikka"]
[Black "Ayele, Hana Mulugeta"]
[Result "1-0"]
[WhiteElo "1157"]
[BlackElo "1437"]
[Annotator "NA RC"]
[PlyCount "93"]
[EventDate "2022.??.??"]
[TimeControl "60"]

1. d4 d5 2. c4 e6 3. Nc3 Nf6 4. Bg5 Be7 5. Nf3 h6 6. Bh4 Nc6 7. e3 a6 8. Bd3 dxc4 9. Bxc4 b5 10. Bd3 O-O 11. O-O Bb7 12. Rc1 Rc8 13.
Qe2 Re8 14. a4 bxa4 15. Bxa6 Bxa6 16. Qxa6 Nb4 17. Qxa4 Rb8 18. Rfd1 Nfd5 19. Bg3 Nb6 20. Qb3 Rb7 21. Na2 Nxa2 22. Qxa2 Bd6 23. Ne5 Bxe5 24. Bxe5 Qd7 25. Qa5 Ra8 26. Qb4 Rab8 27. Qa5 Ra8 28. Qc5 Na4 29. Qa3 Raa7 30. Rd2 Nxb2 31. Qc3 Na4 32. Qc4 Nb6 33. Qe2 Nd5 34. Qg4 f6 35. Bg3 Nb4 36. h3 Nd5 37. Rdc2 Nb4 38.
Rc4 Nd5 39. Rc6 f5 40. Qg6 Rb6 41. Be5 Rxc6 42. Rxc6 Ra1+ 43. Kh2 Ra2 44. Rxe6 Ra8 45. Qxf5 Rf8 46. Qg4 Rxf2 47. Re8+ 1-0

[Event "44th Chess Olympiad Women 2022"]
[Site "Chennai"]
[Date "2022.08.05"]
[Round "7.52"]
[White "Gusmao, Maria do Ceu"]
[Black "Makwena, Christine"]
[Result "0-1"]
[WhiteElo "1442"]
[BlackElo "1609"]
[Annotator "NA"]
[PlyCount "72"]
[EventDate "2022.??.??"]
[TimeControl "60"]

1. c4 Nf6 2. Nc3 d6 3. Nf3 e5 4. e4 g6 5. Be2 Bg7 6. d4 exd4 7. Nxd4 O-O 8. Be3 Re8 9. Qc2 Qe7 10. f3 c6 11. Bd3 Nbd7 12. O-O Nc5 13.
Rae1 Nxd3 14. Qxd3 Nd7 15. Bf2 Ne5 16. Qe2 Qc7 17. b3 Qa5 18.
Qc2 a6 19. h3 c5 20. Nde2 b5 21. f4 Nc6 22. Nd5 Be6 23. f5 Bxd5 24. cxd5 Nb4 25. Qd2 Qxa2 26. Qxa2 Nxa2 27. Nc1 Nc3 28. fxg6 hxg6 29. Bg3 Be5 30. Bh4 Bd4+ 31. Kh2 Nxe4 32. Nd3 Nd2 33. Rf4 Rxe1 34. Nxe1 Be5 35. Bg3 Bxf4 36. Bxf4 Nxb3 0-1

[Event "44th Chess Olympiad Women 2022"]
[Site "Chennai"]
[Date "2022.08.05"]
[Round "7.52"]
[White "Mudodo, Refiloe Hazel"]
[Black "dos Santos, Elfiana"]
[Result "1-0"]
[WhiteElo "1604"]
[BlackElo "1560"]
[Annotator "NA RC"]
[PlyCount "89"]
[EventDate "2022.??.??"]
[TimeControl "60"]

1. e4 e5 2. Nf3 Nc6 3. Bb5 Nf6 4. Qe2 Bc5 5. c3 O-O 6. O-O a6 7. Ba4 d6 8. d3 Bd7 9. Bb3 Be6 10. Bc2 h6 11. Rd1 Bg4 12. Be3 Bxe3 13.
fxe3 Qe7 14. Nbd2 Rad8 15. Nf1 g6 16. h3 Be6 17. Ng3 Kh7 18.
Rf1 Rg8 19. Qf2 Nh5 20. Kh2 Rg7 21. a3 Rdg8 22. Kh1 Qd7 23.
Kh2 Nxg3 24. Qxg3 g5 25. Ng1 g4 26. h4 Ne7 27. d4 Ng6 28.
d5 Bxd5 29. exd5 Kh8 30. h5 Nf8 31. Rf6 Nh7 32. Bxh7 Rxh7 33. Raf1 Qe7 34. Kh1 Rg5 35. Qh4 Rgg7 36. Ne2 Rg5 37. Ng3 Rgg7 38. Nf5 Qf8 39. Nxg7 Rxg7 40. Rxh6+ Kg8 41. Rhf6 Kh8 42. Kg1 Qg8 43. Rh6+ Rh7 44. Qf6+ Qg7 45. Rxh7+ 1-0

[Event "44th Chess Olympiad Women 2022"]
[Site "Chennai"]
[Date "2022.08.05"]
[Round "7.52"]
[White "Shaba, Linda Dalitso"]
[Black "da Silva, Sonizia A.Tilman"]
[Result "1-0"]
[WhiteElo "1658"]
[BlackElo "1507"]
[Annotator "NA RC"]
[PlyCount "85"]
[EventDate "2022.??.??"]
[TimeControl "60"]

1. Nf3 Nc6 2. d4 Nf6 3. c4 e6 4. g3 b6 5. Bg2 Bb7 6. O-O d5 7. Qa4 Ne4 8. Ne5 Qd6 9. Nc3 f6 10. Nd3 O-O-O 11. cxd5 Nxc3 12. bxc3 exd5 13. Bf4 Qe6 14. Rfe1 g5 15. Bd2 h5 16. e4 Na5 17. exd5 Qf5 18. Be4 Qh3 19. c4 h4 20. Bxa5 hxg3 21. hxg3 bxa5 22. Nc5 Bxc5 23. dxc5 f5 24. Bg2 Qh6 25. c6 Ba6 26. Qxa5 Qh2+ 27. Kf1 Bxc4+ 28. Re2 Bxe2+ 29. Kxe2 Rde8+ 30. Kf1 Qh5 31.
Qb5 Qh6 32. Qb7+ Kd8 33. Qb8+ Ke7 34. Re1+ Kf7 35. Qxc7+ Kf8 36. Rxe8+ Kxe8 37. Qd7+ Kf8 38. c7 Qa6+ 39. Kg1 f4 40. c8=Q+ Qxc8 41. Qxc8+ Kg7 42. Qc7+ Kf6 43. Qc3+ 1-0

[Event "44th Chess Olympiad Women 2022"]
[Site "Chennai"]
[Date "2022.08.05"]
[Round "7.52"]
[White "Tilman, Zulmira Americo"]
[Black "Charinda, Kudzanayi"]
[Result "0-1"]
[WhiteElo "1255"]
[BlackElo "1719"]
[Annotator "NA RC"]
[PlyCount "70"]
[EventDate "2022.??.??"]
[TimeControl "60"]

1. d4 Nf6 2. c4 e6 3. Nc3 Be7 4. Nf3 b6 5. e3 Bb7 6. g3 O-O 7. Bg2 d6 8. O-O Nbd7 9. b3 Rc8 10. Bb2 Ba6 11. Re1 Bb7 12. a3 c5 13. d5 exd5 14. cxd5 a6 15.
e4 Re8 16. Bh3 Rb8 17. Qd3 b5 18. b4 c4 19. Qe3 Bf8 20. Qd2 Qb6 21. a4 bxa4 22. Nxa4 Qc7 23. Bc3 Nxe4 24. Qd4 Nxc3 25. Rxe8 Rxe8 26. Qxc3 Bxd5 27. Nb2 Nb8 28. Bg2 g6 29. Rc1 Bg7 30. Nd4 Bxg2 31. Kxg2 Qb7+ 32. Kg1 Nc6 33. Rd1 Nxd4 34. Rxd4 Bxd4 35. Qxd4 Re1# 0-1

[Event "44th Chess Olympiad Women 2022"]
[Site "Chennai"]
[Date "2022.08.05"]
[Round "7.53"]
[White "Ranasinghe, S D.."]
[Black "Saraci, Rinesa"]
[Result "1-0"]
[WhiteElo "1687"]
[BlackElo "1494"]
[Annotator "NA RC"]
[PlyCount "67"]
[EventDate "2022.??.??"]
[TimeControl "60"]

1. Nf3 d5 2. c4 dxc4 3. Na3 Nd7 4. Nxc4 e6 5. a3 Ngf6 6. g3 Be7 7. Bg2 c6 8. O-O O-O 9. d3 Re8 10. Bf4 Nf8 11. Nce5 h6 12. Rc1 Nd5 13. Bd2 Nd7 14. Qa4 Bf6 15. d4 N5b6 16. Qc2 Bxe5 17. dxe5 Nd5 18. Rfd1 Qc7 19. e4 Ne7 20. Bb4 Ng6 21. Bd6 Qa5 22. b4 Qb6 23. h4 a5 24. h5 Ne7 25. Nd2 a4 26. Nc4 Qa6 27. Na5 Qa7 28.
Qd2 Qa6 29. Bf1 b5 30. Bxe7 Rxe7 31. Rxc6 Qa7 32. Qd6 Re8 33.
Bxb5 Rd8 34. Rc7 1-0

[Event "44th Chess Olympiad Women 2022"]
[Site "Chennai"]
[Date "2022.08.05"]
[Round "7.53"]
[White "Saraci, Ndriqona"]
[Black "Wijesuriya, G P Y.."]
[Result "0-1"]
[WhiteElo "1425"]
[BlackElo "1579"]
[Annotator "NA RC"]
[PlyCount "38"]
[EventDate "2022.??.??"]
[TimeControl "60"]

1. e4 e5 2. Nf3 Nc6 3. Bc4 Nf6 4. d3 Be7 5. O-O O-O 6. Nc3 d6 7. a3 Bg4 8. h3 Bh5 9. Be3 Qd7 10. Nd5 Kh8 11. Nxf6 Bxf6 12. c3 Be7 13. Nxe5 Nxe5 14. Qxh5 f5 15. exf5 Rxf5 16. Qe2 d5 17. Ba2 Raf8 18. d4 Nf3+ 19. Kh1 Rh5 0-1

[Event "44th Chess Olympiad Women 2022"]
[Site "Chennai"]
[Date "2022.08.05"]
[Round "7.53"]
[White "Sharku, Enesa"]
[Black "Gamage, Desandhi Dhihansa"]
[Result "0-1"]
[WhiteElo "1094"]
[BlackElo "1561"]
[Annotator "NA"]
[PlyCount "70"]
[EventDate "2022.??.??"]
[TimeControl "60"]

1. e4 c5 2. Nf3 d6 3. d4 cxd4 4. Nxd4 Nf6 5. Nc3 a6 6. Be3 e5 7. Nb3 Be6 8. Be2 Nbd7 9. O-O b5 10. Bf3 Be7 11. Nd5 Nxd5 12. exd5 Bf5 13. Bg4 Bg6 14. f4 exf4 15. Bxf4 O-O 16. a4 Qc7 17. c3 Rab8 18.
axb5 Rxb5 19. Be2 Qb6+ 20. Nd4 Rxb2 21. Rxa6 Qb7 22. Bxd6 Re8 23. Rc6 Bf6 24. Bg4 Nb6 25. c4 Nxc4 26. Rxc4 Qxd5 27. Be2 Qxd6 28. Qa4 Rd8 29. Nc6 Re8 30. Bg4 Bd3 31. Na7 Qe7 32. Rc8 Qe3+ 33. Kh1 Rxc8 34. Nxc8 Bxf1 35. Bf3 Bxg2+ 0-1

[Event "44th Chess Olympiad Women 2022"]
[Site "Chennai"]
[Date "2022.08.05"]
[Round "7.54"]
[White "Ibtihal Mohammed"]
[Black "Mongeli, Sasha"]
[Result "0-1"]
[WhiteElo "1445"]
[BlackElo "1672"]
[Annotator "NA RC"]
[PlyCount "54"]
[EventDate "2022.??.??"]
[TimeControl "60"]

1. e4 e5 2. Nf3 Nf6 3. Nc3 Nc6 4. Bc4 Nxe4 5. Nxe4 d5 6.
Bxd5 Qxd5 7. Nc3 Qd8 8. h3 Bc5 9. d3 Bf5 10. Qe2 f6 11. Be3 Bb4 12. Bd2 Qd7 13. a3 Ba5 14. Ne4 Bb6 15. c3 O-O-O 16. Rd1 Qxd3 17. Qxd3 Rxd3 18. Ng3 Bg6 19. Be3 Rxd1+ 20. Kxd1 Rd8+ 21. Kc1 Bxe3+ 22. fxe3 Rd3 23. e4 Na5 24. Nf5 Bxf5 25. exf5 Nc4 26. Rd1 Rxd1+ 27. Kxd1 Ne3+ 0-1

[Event "44th Chess Olympiad Women 2022"]
[Site "Chennai"]
[Date "2022.08.05"]
[Round "7.54"]
[White "Marwa, Jadalla"]
[Black "Madelta Glenda"]
[Result "0-1"]
[WhiteElo "1316"]
[BlackElo "1516"]
[Annotator "NA RC"]
[PlyCount "102"]
[EventDate "2022.??.??"]
[TimeControl "60"]

1. d4 d5 2. Bf4 c5 3. e3 cxd4 4. exd4 Nc6 5. c3 Bf5 6. Nd2 f6 7. Ngf3 g5 8. Bg3 h5 9. h4 g4 10. Nh2 Bh7 11. Nb3 e6 12. Bd3 Nh6 13.
Bxh7 Rxh7 14. Qd3 Nf5 15. Nf1 Qd7 16. O-O-O O-O-O 17. Re1 Nxg3 18. Nxg3 e5 19. Qg6 Rh6 20. Qc2 e4 21. Rhf1 f5 22. f3 Bd6 23. Ne2 Qe7 24. fxe4 fxe4 25. g3 Rf6 26. Rxf6 Qxf6 27. Qd1 Bxg3 28. Nxg3 Qf4+ 29. Kb1 Qxg3 30. Qe2 Qxh4 31. Nc5 Qe7 32. Rf1 Rf8 33. Rxf8+ Qxf8 34. Qb5 Qf7 35. a3 g3 36. Qe2 Ne7 37. Qg2 Nf5 38. Qh3 h4 39. Nb3 Kc7 40. Nd2 e3 41. Nf3 e2 42. Qh1 Qh7 43.
Kc1 Qh6+ 44. Kc2 Ne3+ 45. Kd2 Ng2+ 46. Kc2 h3 47. a4 Ne3+ 48. Kd3 Nf1 49. Kc2 g2 50. Qg1 h2 51. Nxh2 Qxh2 0-1

[Event "44th Chess Olympiad Women 2022"]
[Site "Chennai"]
[Date "2022.08.05"]
[Round "7.54"]
[White "Obondo, Cynthia Awino"]
[Black "Sara, Gadalla Karar"]
[Result "1-0"]
[WhiteElo "1439"]
[BlackElo "1433"]
[Annotator "NA"]
[PlyCount "109"]
[EventDate "2022.??.??"]
[TimeControl "60"]

1. d4 d5 2. Nf3 e6 3. e3 c5 4. b3 Nf6 5. Bd3 b6 6. O-O Ba6 7. c4 Bd6 8. Nbd2 O-O 9. Bb2 Nc6 10. Ne5 Ne7 11. f4 Nf5 12. Qe2 cxd4 13. exd4 h6 14. g4 dxc4 15. Ndxc4 Bxe5 16. fxe5 Nxd4 17. Qe3 Nxg4 18. Qxd4 Qxd4+ 19. Bxd4 Rad8 20. Rf4 Nxe5 21. Nxe5 Bb7 22. Bc4 Rd6 23. Bc3 a5 24. Raf1 f6 25. Ng6 Re8 26. Rd4 Rxd4 27. Bxd4 Bd5 28. Bxb6 a4 29. Nf4 Bxc4 30. bxc4 Kf7 31. Rd1 e5 32. Nd5 Rc8 33. c5 e4 34. Nc3 e3 35.
Nxa4 f5 36. Nc3 g5 37. Kg2 f4 38. h3 Ke6 39. Kf3 h5 40. a4 Rf8 41. Rd6+ Kf5 42. Rd5+ Kg6 43. Ne4 g4+ 44. hxg4 hxg4+ 45. Kxg4 e2 46. Rd6+ Kg7 47. Rd7+ Kg8 48. Re7 f3 49. Nf2 Rf6 50. a5 Kf8 51. Re4 Kf7 52.
a6 Re6 53. Rxe6 Kxe6 54. Ba5 Kd5 55. a7 1-0

[Event "44th Chess Olympiad Women 2022"]
[Site "Chennai"]
[Date "2022.08.05"]
[Round "7.55"]
[White "El Flow, Khuloud"]
[Black "Shih, Ching-An"]
[Result "1/2-1/2"]
[WhiteElo "1836"]
[BlackElo "1582"]
[Annotator "NA RC"]
[PlyCount "64"]
[EventDate "2022.??.??"]
[TimeControl "60"]

1. e4 e5 2. Nf3 Nc6 3. Bc4 Be7 4. O-O Nf6 5. d3 d6 6. h3 O-O 7. Bg5 Na5 8. Nbd2 Nxc4 9. Nxc4 Nd5 10. Qd2 Bxg5 11. Qxg5 Qxg5 12. Nxg5 Nf4 13. Rae1 h6 14. Nf3 f5 15. Kh2 fxe4 16. dxe4 Be6 17. Nfd2 Rf7 18. a3 Raf8 19. Ne3 Nxh3 20. f3 Ng5 21. Rf2 Rf4 22. Ref1 R4f6 23. g4 h5 24. Kg3 hxg4 25. fxg4 Rxf2 26. Rxf2 Rxf2 27. Kxf2 Kf7 28. Kg3 Kg6 29. Kh4 Nh7 30. Nf3 Nf6 31. Ng5 Bd7 32. Nf5 Ng8 1/2-1/2

[Event "44th Chess Olympiad Women 2022"]
[Site "Chennai"]
[Date "2022.08.05"]
[Round "7.57"]
[White "Kapali, Binita"]
[Black "Jacobs, Annelaine"]
[Result "0-1"]
[WhiteElo "1511"]
[BlackElo "1612"]
[Annotator "NA RC"]
[PlyCount "110"]
[EventDate "2022.??.??"]
[TimeControl "60"]

1. e4 g6 2. d4 d6 3. Nc3 Bg7 4. Nf3 Nf6 5. h3 Nbd7 6. Bc4 O-O 7. Be3 e5 8. dxe5 dxe5 9. O-O c6 10. Qd2 Qc7 11. Rad1 b5 12. Bd3 a5 13. b3 Bb7 14. Bh6 Rfd8 15. Bxg7 Kxg7 16. Qe3 Nh5 17. Ne2 f6 18. Nh4 Nf4 19. Qg3 Nxe2+ 20. Bxe2 Kh8 21. Qe3 Nf8 22. Qh6 Qg7 23. Qxg7+ Kxg7 24. Nf3 Ne6 25. Nd2 Nd4 26. Bd3 Ne6 27. f3 Nf4 28. Nb1 Nxd3 29. Rxd3 Rxd3 30. cxd3 Rd8 31. Rd1 b4 32. Kf2 Kf7 33. Ke3 c5 34. Nd2 Ba6 35. Nc4 Bxc4 36. bxc4 a4 37. Kd2 Ke6 38. Kc2 Rb8 39. Rb1 Rb7 40. Kd2 h5 41. h4 Rg7 42. g4 Rh7 43.
Rh1 Rg7 44. Rg1 Rf7 45. Ke3 Rf8 46. Rg2 Rh8 47. g5 f5 48.
Rf2 Rf8 49. f4 fxe4 50. dxe4 exf4+ 51. Kd3 Ke5 52. Kc2 Rd8 53. Re2 Rd4 54. Rd2 Rxd2+ 55. Kxd2 Kxe4 0-1

[Event "44th Chess Olympiad Women 2022"]
[Site "Chennai"]
[Date "2022.08.05"]
[Round "7.57"]
[White "Neupane, Anisha"]
[Black "Cabral, Sylvi"]
[Result "1-0"]
[WhiteElo "1488"]
[BlackElo "1100"]
[Annotator "NA"]
[PlyCount "71"]
[EventDate "2022.??.??"]
[TimeControl "60"]

1. e4 e5 2. Nf3 d5 3. exd5 e4 4. Ne5 Qxd5 5. d4 exd3 6. Nxd3 Bd6 7. Nc3 Qe6+ 8. Be2 Nf6 9. Bg5 Nc6 10. Qd2 Bd7 11. O-O-O O-O-O 12. Kb1 h6 13. Bf4 Rhe8 14. Rhe1 Bxf4 15. Qxf4 Nd5 16. Nxd5 Qxd5 17. Bf3 Qa5 18. a3 Qb6 19. Qxf7 g5 20. Rxe8 Rxe8 21. Bg4 Qd4 22. Qxe8+ Nd8 23. Bxd7+ Qxd7 24. Qxd7+ Kxd7 25. Ne5+ Ke8 26.
Ng4 Nf7 27. g3 b6 28. Re1+ Kf8 29. Re6 Kg7 30. Re7 Kg6 31. Rxc7 a5 32. Rc6+ Kg7 33. Rxb6 Kh7 34. Ra6 Kg7 35. Rxa5 Kg8 36. c4 1-0

[Event "44th Chess Olympiad Women 2022"]
[Site "Chennai"]
[Date "2022.08.05"]
[Round "7.58"]
[White "Kaslan, Catherine"]
[Black "Marochkina, Nadezhda Valerevna"]
[Result "1-0"]
[WhiteElo "1872"]
[BlackElo "1687"]
[Annotator "NA"]
[PlyCount "97"]
[EventDate "2022.??.??"]
[TimeControl "60"]

1. e4 c6 2. d4 d5 3. Nc3 dxe4 4. Nxe4 Nf6 5. Nxf6+ exf6 6. c3 Bd6 7. Bd3 O-O 8. Ne2 Qc7 9. Qc2 h5 10. Be3 b5 11. O-O-O Be6 12. Bf5 Qd7 13. Bd3 a5 14. f4 Qe7 15. Bf2 Bg4 16. f5 Qc7 17. h3 Bxe2 18.
Qxe2 Bg3 19. Bxg3 Qxg3 20. Qxh5 Nd7 21. Qg4 Qxg4 22. hxg4 Rfe8 23. Rh3 Nb6 24. Rdh1 Kf8 25. Rh8+ Ke7 26. Rxe8+ Rxe8 27. Re1+ Kd7 28. Rxe8 Kxe8 29. Be4 Kd7 30. b3 b4 31. Kb2 Kd6 32. cxb4 axb4 33. Kc2 c5 34. Kd3 Nd7 35. Kc4 cxd4 36. Kxd4 Ne5 37. Bf3 g6 38. Be2 Kc6 39. g5 gxf5 40. gxf6 Nd7 41. Kc4 Nxf6 42. Bf3+ Kd6 43. Kxb4 Nd7 44. a4 Nc5 45. Kc4 f4 46. a5 f5 47. b4 Nd7 48. a6 Kc7 49. a7 1-0

[Event "44th Chess Olympiad Women 2022"]
[Site "Chennai"]
[Date "2022.08.05"]
[Round "7.58"]
[White "Sy Mame, Binta"]
[Black "Kaslan, Victoria"]
[Result "0-1"]
[WhiteElo "1256"]
[BlackElo "1477"]
[Annotator "NA RC"]
[PlyCount "120"]
[EventDate "2022.??.??"]
[TimeControl "60"]

1. e4 c5 2. Bc4 d6 3. Nf3 Nf6 4. Nc3 a6 5. Ng5 e6 6. O-O b5 7. Be2 Be7 8. d3 Bb7 9. Be3 Nbd7 10. a3 O-O 11. Nf3 Qc7 12. d4 Nxe4 13. Nxe4 Bxe4 14. dxc5 dxc5 15. Bd3 Bxd3 16. Qxd3 c4 17. Qe4 Nf6 18. Qh4 Nd5 19. Bg5 f6 20. Bd2 e5 21. Qg4 Qc8 22. Qe4 Rd8 23. Rad1 Bc5 24. Ba5 Bb6 25. Rxd5 Bxa5 26. Nh4 Qe6 27. Rfd1 Rxd5 28. Rxd5 Rd8 29. Rxd8+ Bxd8 30. Nf5 Qd7 31. Qg4 Kh8 32. h3 g6 33. Ne3 Qxg4 34. Nxg4 Kg7 35. f3 Bb6+ 36. Kf1 Kf7 37. Ke2 Ke6 38. b3 f5 39. Nh2 cxb3 40. cxb3 Kd5 41. g4 Bc5 42. a4 bxa4 43. bxa4 Kc4 44. Nf1 Kb4 45. gxf5 gxf5 46. a5 f4 47. Nd2 Bd4 48. Kd3 Kxa5 49. Nb3+ Kb4 50. Nxd4 exd4 51. Kxd4 a5 52. Ke4 a4 53. Kxf4 a3 54. Kg4 a2 55. f4 a1=Q 56. Kh4 Qf6+ 57. Kg4 Kc4 58. Kf3 Kd4 59. Kg4 Ke4 60. Kh5 Kxf4 0-1

[Event "44th Chess Olympiad Women 2022"]
[Site "Chennai"]
[Date "2022.08.05"]
[Round "7.58"]
[White "Wijnhard, Joelle"]
[Black "Sy, Mariama"]
[Result "1-0"]
[WhiteElo "1291"]
[BlackElo "1211"]
[Annotator "NA"]
[PlyCount "109"]
[EventDate "2022.??.??"]
[TimeControl "60"]

1. e4 e5 2. Nf3 Nc6 3. Nc3 Nf6 4. Be2 Bb4 5. d3 Bxc3+ 6.
bxc3 d5 7. exd5 Nxd5 8. Bd2 O-O 9. O-O Bf5 10. c4 Nf4 11.
Bxf4 exf4 12. Rb1 b6 13. Nd2 Qd6 14. Bf3 Rad8 15. Rb5 Nd4 16.
Rd5 Qg6 17. Rxd8 Rxd8 18. Re1 Qd6 19. Be4 Bg6 20. Bxg6 Qxg6 21. Nf3 Qd6 22. Nxd4 Qxd4 23. Qa1 Qxa1 24. Rxa1 c5 25. a4 Re8 26. Kf1 a5 27. Re1 Rxe1+ 28. Kxe1 g5 29. Ke2 Kg7 30. Kf3 f5 31.
g3 g4+ 32. Kxf4 Kf6 33. c3 h5 34. d4 Ke6 35. d5+ Kd6 36.
Kxf5 b5 37. cxb5 Kxd5 38. b6 Kc6 39. c4 Kxb6 40. Ke5 Kc6 41.
Ke6 Kc7 42. Kd5 Kb6 43. Kd6 Kb7 44. Kxc5 Kc7 45. Kb5 Kd6 46. Kb6 Ke5 47. c5 Kd4 48. c6 Kc4 49. c7 Kb4 50. c8=Q Kxa4 51. Qa6 Kb4 52. Qxa5+ Kc4
53. Qb5+ Kc3 54. Qd5 Kc2 55. Qd4 1-0